 Dungeon Crawl Stone Soup version 0.19-a0-1468-ge013c26 (webtiles) character file.

434 sveltemanboy the Slasher (level 7, 0/52 HPs)
             Began as a Human Fighter on Sept 7, 2016.
             Succumbed to Blork the orc's poison
             ... on level 3 of the Dungeon.
             The game lasted 00:09:11 (3092 turns).

sveltemanboy the Slasher (Human Fighter)            Turns: 3092, Time: 00:09:12

Health: 0/52       AC:  7    Str: 18    XL:     7   Next: 20%
Magic:  7/7        EV: 14    Int: 14    God:
Gold:   193        SH: 11    Dex: 17    Spells: 0 memorised, 6 levels left

rFire  . . .     SeeInvis .     a - +0 long sword
rCold  . . .     Gourm    .     b - +0 scale mail
rNeg   . . .     Faith    .     c - +1 shield
rPois  .         Spirit   .     z - +1 hat
rElec  .         Dismiss  .     (no cloak)
rCorr  +         Reflect  .     (no gloves)
MR     .....     Harm     .     (no boots)
Stlth  +.........               (no amulet)
                                y - ring of resist corrosion
                                e - +2 ring of evasion

@: brilliant, agile, lethally poisoned (0 -> -5)
A: no striking features
a: no special abilities


You were on level 3 of the Dungeon.
You were hungry.

You visited 1 branch of the dungeon, and saw 4 of its levels.

You collected 193 gold pieces.

Inventory:

Hand Weapons
 a - a +0 long sword (weapon)
Missiles
 n - 89 stones (quivered)
Armour
 b - a +0 scale mail (worn)
 c - a +1 shield (worn)
 z - a +1 hat (worn)
Jewellery
 e - a +2 ring of evasion (left hand)
 y - a ring of resist corrosion (right hand)
Scrolls
 h - 2 scrolls of enchant weapon
 i - a scroll of magic mapping
 l - 3 scrolls of identify
Comestibles
 f - 3 bread rations
 g - 3 fruits
 o - 2 meat rations
 s - a beef jerky


   Skills:
 - Level 3.0 Fighting
 * Level 5.9 Long Blades
 - Level 3.0 Armour
 + Level 5.1 Shields


You had 6 spell levels left.
You didn't know any spells.

Dungeon Overview and Level Annotations

Branches:
Dungeon (4/15)
 Temple: D:4-7

Altars:
Elyvilon
Nemelex Xobeh
Trog

Annotations:
D:4 Blork the orc


Message History

You feel sick.
You feel sick.
You feel sick.
Blork the orc mumbles some strange words.
Blork the orc flickers and vanishes!
Deactivating autopickup; reactivate with Ctrl-A.
You feel sick.
You feel sick.
You feel sick. The gnoll closely misses you.
You feel sick.
You feel sick.
There is a stone staircase leading up here.
You feel a little less mighty now. Something hits you.
* * * LOW HITPOINT WARNING * * *
You are more poisoned.
You block the gnoll's attack.
You climb upwards.
You die...

#.# #................... #.#
#.[####.#...##.##.## #รท#
#..#......#.......# ####.#
#....##.#...##.#..## .....###
#.#..##.##.###..#... .......#
#)#..##.##.###.###.#
###..#.#######.#.....##.##.##
##. #
#..#.........#..#####.###.###.#
#
#............#@.####...###.#.##
#
##.########.##.......#......###
# #.# #.##...###<..####.# # #
#.# #.##...# ##.#####.### #
#.########.##...####..........
#
#........#.##........>.......#
########.#.##.#.####..####.###
###.#.##.#............#
#................######


There were no monsters in sight!

Vanquished Creatures
  An ogre (D:4)
  A hound (D:4)
  2 orc priests
  A gnoll shaman (D:4)
  3 orc wizards
  6 adders
  An ooze (D:3)
  2 dart slugs
  4 giant geckos
  6 orcs
  4 ball pythons (D:3)
  3 bats
  9 goblins
  9 hobgoblins
  11 jackals
  2 quokkas
  A giant gecko skeleton (D:4)
  A giant gecko zombie (D:3)
  6 giant newts
  3 kobolds
  13 rats
89 creatures vanquished.

Notes
Turn   | Place    | Note
-------+----------+-------------------------------------------
     0 | D:1      | sveltemanboy the Human Fighter began the quest for the Orb.
     0 | D:1      | Reached XP level 1. HP: 18/18 MP: 1/1
   147 | D:1      | Reached XP level 2. HP: 22/24 MP: 2/2
   379 | D:1      | Reached XP level 3. HP: 23/29 MP: 3/3
   968 | D:2      | Found a sparkling altar of Nemelex Xobeh.
   968 | D:2      | Found a bloodstained altar of Trog.
  1315 | D:2      | Reached XP level 4. HP: 33/35 MP: 4/4
  1373 | D:2      | Found a white marble altar of Elyvilon.
  1715 | D:3      | Reached XP level 5. HP: 41/41 MP: 5/5
  2658 | D:3      | Reached XP level 6. HP: 45/47 MP: 6/6
  2709 | D:4      | Noticed an ogre
  2720 | D:4      | Killed an ogre
  2720 | D:4      | Reached skill level 5 in Long Blades
  3029 | D:4      | Reached skill level 5 in Shields
  3029 | D:4      | Reached XP level 7. HP: 30/52 MP: 7/7
  3046 | D:4      | Noticed Blork the orc
  3091 | D:4      | HP: 1/52 [something (2)]
  3092 | D:3      | Succumbed to Blork the orc's poison

Vault maps used:
D:1:      eino_arrival_water_star, minmay_rat_gold_closets
D:2:      elyvilon_altar_4, gammafunk_temple_overflow_wave
D:4:      serial_shops, shop, first_bread, uniq_crazy_yiuf_cottage,
          uniq_blork_the_orc

Skill      XL: |  1  2  3  4  5  6 |
---------------+-------------------+-----
Long Blades    | 3 4 5 |  5.9
Shields        | 4 5 |  5.1
Fighting       | |  3.0
Armour         | |  3.0

Action                   |  1- 3 |  4- 6 |  7- 9 || total
-------------------------+-------+-------+-------++-------
Melee: Long sword        |   143 |   230 |    16 ||   389
Throw: Stone             |     1 |     4 |     9 ||    14
  Use: Potion            |       |     3 |     9 ||    12
       Scroll            |       |       |     5 ||     5
  Eat: Chunk             |     2 |     5 |       ||     7
Armor: Scale mail        |    40 |    86 |       ||   126
       Skin              |       |       |    14 ||    14
Dodge: Dodged            |    34 |    67 |     6 ||   107
Block: Shield            |    59 |   105 |    16 ||   180
